[Event "Early-Titled-Tuesday-Blitz-September-12-2023"]
[Site "Chess.com"]
[Date "2023.09.12"]
[Round "9"]
[White "LangesNasenhaar"]
[Black "Mikedannnn"]
[Result "0-1"]
[WhiteElo "2455"]
[BlackElo "2564"]
[TimeControl "180+1"]
[EndTime "9:46:11 PDT"]
[Termination "Mikedannnn won on time"]

1. d4 c5 2. dxc5 e6 3. Nc3 Bxc5 4. Ne4 d5 5. Nxc5 Qa5+ 6. c3 Qxc5 7. e4 dxe4 8. Qa4+ Nc6 9. Qxe4 Nf6 10. Qe3 Qxe3+ 11. Bxe3 e5 12. Bc4 O-O 13. Nf3 e4 14. Nd2 Bf5 15.
h3 Ne5 16. Bd4 Nxc4 17. Nxc4 Nd5 18. O-O-O Nf4 19. Ne3 Bg6 20. g3 Nd3+ 21. Rxd3 exd3 22. f4 Be4 23. Re1 f5 24. Kd2 b6 25. Be5 Rac8 26.
Nd1 Kf7 27. Nf2 Bd5 28. b3 Rfd8 29. g4 Be6 30. g5 Bd5 31. Re3 Rd7 32. Rxd3 Rcd8 33.
Bd4 b5 34. Re3 b4 35. Nd3 bxc3+ 36. Kxc3 Rc8+ 37. Kb2 Re7 38. Ne5+ Ke8 39. Bc3 Be4 40. h4 Rec7 41. Nc4 Ke7 42. Bxg7 Ke6 43. Be5 Rc5 44.
h5 Rd5 45. g6 hxg6 46. hxg6 Rd3 47. Rxd3 Bxd3 48. Nd6 Rc2+ 49. Ka3 Rg2 50. g7 Bb1 51. Kb4 Bxa2 52. Ne8 Rg3 53. Nc7+ Kf7 0-1

[Event "Early-Titled-Tuesday-Blitz-September-12-2023"]
[Site "Chess.com"]
[Date "2023.09.12"]
[Round "9"]
[White "ChEsper99"]
[Black "Chaos_Magic"]
[Result "0-1"]
[WhiteElo "2220"]
[BlackElo "2382"]
[TimeControl "180+1"]
[EndTime "9:46:11 PDT"]
[Termination "Chaos_Magic won by resignation"]

1. e4 e5 2. Nf3 Nc6 3. Bb5 a6 4. Ba4 Nf6 5. d3 d6 6. c4 g6 7. Nc3 Bg7 8. O-O O-O 9. h3 Nd7 10. Nd5 a5 11. Be3 Nd4 12. Rc1 Nc5 13. Nc3 h6 14.
Bxd4 exd4 15. Ne2 Ne6 16. a3 c5 17. Rb1 f5 18. exf5 Rxf5 19. Ng3 Rf7 20. Ne4 Nf4 21. Ng3 Qf8 22. Nh2 Be5 23. Ng4 Bg7 24. Qd2 h5 25. Nh2 Be5 26. Ne2 Nxh3+ 27. gxh3 Bxh3 28.
Ng3 Bf4 29. Qe2 Qh6 30. Ne4 Be5 31. f4 Rxf4 32. Rxf4 Qxf4 33. Qf2 Qxf2+ 34. Kxf2 Bxh2 35. Rh1 Rf8+ 36. Ke1 Bg2 37. Rxh2 Bxe4 38. dxe4 Rf4 39. Re2 h4 40. Bc2 g5 41. Rf2 Rg4 42. Kf1 Kg7 43.
Rg2 Rxg2 44. Kxg2 Kf6 45. Bd1 Ke5 46. Kf3 g4+ 47. Kxg4 Kxe4 48. Kxh4 Kd3 49. Bf3 Kxc4 50. Bxb7 Kb3 51. Bd5+ Kxb2 52. Kg3 Kxa3 53. Kf2 Kb2 54.
Ke1 a4 55. Kd2 a3 0-1

[Event "Early-Titled-Tuesday-Blitz-September-12-2023"]
[Site "Chess.com"]
[Date "2023.09.12"]
[Round "9"]
[White "twofoxniel"]
[Black "Viacheslav92"]
[Result "1-0"]
[WhiteElo "2621"]
[BlackElo "2499"]
[TimeControl "180+1"]
[EndTime "9:46:12 PDT"]
[Termination "twofoxniel won on time"]

1. e4 e5 2. Nf3 Nc6 3. Bc4 Bc5 4. c3 Nf6 5. d4 exd4 6. cxd4 Bb4+ 7. Nc3 Nxe4 8. O-O Bxc3 9. d5 Bf6 10. Re1 Ne7 11. Rxe4 d6 12. Bg5 Bxg5 13. Nxg5 h6 14. Qe2 hxg5 15. Re1 Be6 16. dxe6 f6 17. Bd3 c6 18. Rb4 Qc7 19. h3 a5 20. Rb3 a4 21.
Rc3 Ra5 22. Qc2 Rh4 23. g3 Rxh3 24. Kg2 Rh6 25. Rh1 Rxh1 26. Kxh1 Nd5 27. Rc4 Ke7 28. Be2 Rc5 29. Qg6 Kd8 30. Rxa4 Nb6 31. Bh5 Qe7 32. Rb4 Rb5 33. Rxb5 cxb5 34. Qe4 d5 35.
Qe3 Kc7 36. Bg4 Nc4 37. Qd4 Ne5 38. Bh3 g4 39. Bg2 Qxe6 40. Bxd5 Qd6 41. b3 b6 42. Qc3+ Qc5 43. Qd2 b4 44. Kg2 Qc3 45. Qf4 Qd3 46.
Be4 Qd4 47. Qf5 Kd6 48. Bb7 Ke7 49. Qc8 Qd6 50. Qg8 Qd7 51. Qxg7+ Kd6 52. Qxf6+ Qe6 53.
Qxe6+ Kxe6 54. f4 gxf3+ 55. Bxf3 Nd3 56. Be2 Nc1 57. Bc4+ Ke5 58. Kf3 Nxa2 59. Kg4 Nc3 60. Kh5 b5 61. Bg8 Ne4 62. Kh4 1-0

[Event "Early-Titled-Tuesday-Blitz-September-12-2023"]
[Site "Chess.com"]
[Date "2023.09.12"]
[Round "9"]
[White "Roman_Ovetchkin"]
[Black "OK97"]
[Result "0-1"]
[WhiteElo "2657"]
[BlackElo "2834"]
[TimeControl "180+1"]
[EndTime "9:46:14 PDT"]
[Termination "OK97 won on time"]

1. d4 Nf6 2. c4 g6 3. Nc3 Bg7 4. e4 d6 5. Nf3 Bg4 6. Be2 Bxf3 7. Bxf3 e5 8. d5 h5 9. Qb3 b6 10. Qa4+ Nbd7 11. O-O Kf8 12. Qc2 a5 13. b3 Bh6 14.
Bxh6+ Rxh6 15. a3 Kg7 16. b4 g5 17. Rfb1 g4 18. Be2 Nh7 19. Nd1 Qg5 20. Ne3 Kh8 21.
Bd3 h4 22. Qe2 Rg6 23. Nf5 Nhf6 24. Qe3 Qh5 25. g3 h3 26. Kf1 Nh7 27. f3 gxf3 28.
Qc1 Ndf6 29. Nh4 Rgg8 30. Qd2 Ng5 31. Qe3 Ng4 32. Qd2 Nf6 33. Qe3 Qg4 34. Re1 axb4 35.
axb4 Rxa1 36. Rxa1 Nfxe4 37. Bxe4 Qxe4 38. Qxe4 Nxe4 39. Nxf3 b5 40. cxb5 Nc3 41. Rc1 Nxd5 42. b6 cxb6 43. Rc6 Rd8 44. b5 Kg7 45. Ng5 Kf6 46. Nxh3 Kf5 47.
Nf2 Ke6 48. Ne4 f5 49. Ng5+ Kf6 50. Nf3 e4 51. Nd4 Ke5 52. Ne2 Ra8 53. Kf2 Ra2 54. h4 f4 55. Kf1 f3 0-1

[Event "Early-Titled-Tuesday-Blitz-September-12-2023"]
[Site "Chess.com"]
[Date "2023.09.12"]
[Round "9"]
[White "Casper"]
[Black "CFalcons8"]
[Result "1-0"]
[WhiteElo "2441"]
[BlackElo "2310"]
[TimeControl "180+1"]
[EndTime "9:46:15 PDT"]
[Termination "Casper won by resignation"]

1. e4 e5 2. d4 exd4 3. Qxd4 Nc6 4. Qe3 g6 5. Nc3 Bg7 6. Bd2 d6 7. O-O-O Nge7 8. h4 h5 9. Nd5 Be6 10. Bc3 Bh6 11.
f4 Bxd5 12. exd5 Ne5 13. Kb1 O-O 14. Qf2 Ng4 15. Qd4 f6 16. Nf3 Nf5 17. Qd2 Ng3 18. Rg1 Ne4 19. Qd4 Re8 20. Bd3 Nxc3+ 21. Qxc3 Kf7 22.
Rgf1 Bg7 23. Rde1 f5 24. Ng5+ Kg8 25. Qd2 Qf6 26. c3 Bh6 27. Ne6 Re7 28. g3 Rae8 29. Re2 Qf7 30. Rfe1 Nf6 31. c4 Nd7 32. b4 Qf6 33. Qb2 Qxb2+ 34. Kxb2 Nf6 35. Kc3 Bg7 36. Kc2 Nd7 37. a4 Nb6 38. a5 Nc8 39. Nxg7 Rxe2+ 40. Rxe2 Rxe2+ 41. Bxe2 Kxg7 42. Kd3 Ne7 43. Kd4 Kf6 44.
b5 a6 45. bxa6 bxa6 46. c5 c6 47. cxd6 Nxd5 48. Bxa6 Ke6 49. Bc4 Kxd6 50. Bxd5 cxd5 51. a6 Kc6 52. a7 Kb7 53. Kxd5 Kxa7 54. Ke6 Kb6 55. Kf6 Kc5 56. Kxg6 Kd4 57. Kxf5 Ke3 58. Kg5 Kf3 59. Kxh5 Kxg3 60. f5 Kf4 61. f6 1-0

[Event "Early-Titled-Tuesday-Blitz-September-12-2023"]
[Site "Chess.com"]
[Date "2023.09.12"]
[Round "9"]
[White "MANOJ_MISHRA123"]
[Black "FeketeBarika"]
[Result "0-1"]
[WhiteElo "2232"]
[BlackElo "2398"]
[TimeControl "180+1"]
[EndTime "9:46:15 PDT"]
[Termination "FeketeBarika won on time"]

1. d4 e6 2. Nf3 Nf6 3. Bf4 c5 4. e3 b6 5. c3 Bb7 6. Nbd2 Be7 7.
Bd3 cxd4 8. exd4 d6 9. Qe2 Nbd7 10. h3 a6 11. Nc4 Qc7 12. a4 O-O 13. O-O Rfe8 14.
Rfe1 Bf8 15. Ng5 h6 16. Nf3 Nd5 17. Bg3 N7f6 18. Ne3 Nh5 19. Nxd5 exd5 20. Qd2 Nxg3 21. fxg3 Qd7 22. Qf4 Rxe1+ 23. Rxe1 Qxa4 24. Qf5 g6 25. Qg4 Re8 26. Rf1 Bc8 27. Qf4 Qd7 28.
g4 Bg7 29. g5 h5 30. Nh4 Qe6 31. Kh2 Re7 32. Nf3 b5 33. Re1 Qd7 34. Rxe7 Qxe7 35.
Qd2 Bd7 36. Qe2 Qxe2 37. Bxe2 a5 38. Kg3 Kf8 39. Kf4 Ke7 40. g4 hxg4 41. hxg4 Ke6 42.
Ne1 b4 43. cxb4 axb4 44. Nf3 Ba4 45. Ba6 Bd1 46. Bc8+ Ke7 47. Ke3 Bxf3 48. Kxf3 Bxd4 49. b3 Bc3 50. Bb7 Ke6 51. Ke3 Ke5 52. Bc8 Bb2 53. Bd7 Bc1+ 54. Kf3 Bxg5 55. Be8 Ke6 56. Ke2 Bc1 57.
Kd3 Ke7 58. Bc6 Ke6 59. Be8 Bb2 60. Kc2 Bc3 61. Kd3 g5 62. Bb5 f5 63. gxf5+ Kxf5 64.
Bd7+ Kf4 65. Be6 Ke5 66. Bg4 Kf4 67. Be6 d4 0-1

[Event "Early-Titled-Tuesday-Blitz-September-12-2023"]
[Site "Chess.com"]
[Date "2023.09.12"]
[Round "9"]
[White "Parhamov"]
[Black "Andreikka"]
[Result "0-1"]
[WhiteElo "3098"]
[BlackElo "3019"]
[TimeControl "180+1"]
[EndTime "9:46:17 PDT"]
[Termination "Andreikka won by resignation"]

1. e4 e5 2. Nf3 Nc6 3. Bc4 Nf6 4. d3 Be7 5. O-O O-O 6. h3 d6 7. a4 Be6 8. Nc3 Bxc4 9. dxc4 a5 10. Re1 Nb8 11.
c5 Nbd7 12. cxd6 Bxd6 13. Nb5 Bb4 14. c3 Bc5 15. Qc2 c6 16. Na3 Qe7 17. Nc4 Qe6 18.
Ne3 h6 19. Nf5 Rfe8 20. Bd2 Bf8 21. Rad1 Nc5 22. c4 Nfxe4 23. g4 Nxd2 24. Nxd2 Rad8 25.
Re3 Qd7 26. Kf1 e4 27. Ng3 g6 28. Ree1 Qd3+ 29. Qxd3 exd3 30. Nde4 Kg7 31. Nxc5 Rxe1+ 32. Kxe1 Bxc5 33. Kd2 Bxf2 34. Ne4 Bd4 35. Rf1 Bxb2 36. Rb1 Ba3 37. Rxb7 Bb4+ 38. Kd1 Re8 39. Nd2 Re2 40. Rxb4 axb4 41. a5 Kf6 42. c5 Re8 43. Nc4 Ra8 44. Kd2 Ke6 45. Kxd3 Ra6 46. Kd4 b3 47. Kc3 Kd5 48.
Nd6 Rxa5 49. Nxf7 Rb5 50. Kb2 h5 51. Nh8 hxg4 52. hxg4 Rb4 53. g5 Rg4 54. Nxg6 Rxg5 55. Nf4+ Kc4 56. Ka3 Rxc5 57. Ne6 Ra5+ 58. Kb2 Ra2+ 59.
Kb1 c5 0-1

[Event "Early-Titled-Tuesday-Blitz-September-12-2023"]
[Site "Chess.com"]
[Date "2023.09.12"]
[Round "9"]
[White "jraosam"]
[Black "Zavgorodniy_Sergiy"]
[Result "0-1"]
[WhiteElo "2022"]
[BlackElo "2527"]
[TimeControl "180+1"]
[EndTime "9:46:17 PDT"]
[Termination "Zavgorodniy_Sergiy won on time"]

1. e4 c6 2. d4 d5 3. Nc3 dxe4 4.
Nxe4 Bf5 5. Ng3 Bg6 6. h4 h6 7. Nf3 Nd7 8. h5 Bh7 9. Bd3 Bxd3 10.
Qxd3 e6 11. Bd2 Ngf6 12. O-O-O Be7 13. Kb1 O-O 14. Ne4 Nxe4 15. Qxe4 Nf6 16. Qe2 Qd5 17. Be3 Ng4 18. Bc1 Rad8 19. c4 Qf5+ 20. Ka1 Rd7 21. Nh4 Bxh4 22. Rxh4 Nf6 23. Be3 Rfd8 24. Rg1 b5 25. c5 Nd5 26. Bd2 Nf6 27. Be3 Nd5 28.
Bd2 Qc2 29. Rc1 Qa4 30. b3 Qa3 31. Rg1 Nb4 32. Bc1 Qa5 33. Rd1 Nd5 34. Rd3 Kf8 35. Bd2 Qc7 36. Rf3 Ne7 37. Qe4 Rxd4 38. Qxd4 Rxd4 39.
Rxd4 Nd5 40. Re4 a5 41. Rxe6 a4 42. Rd6 axb3 43. axb3 Qa7+ 44. Kb2 Qxc5 45. Rd7 Qd4+ 46. Kc2 Ne3+ 47. Bxe3 Qxd7 48. Bc5+ Kg8 49. Rd3 Qf5 50. b4 Qxh5 51. g3 Qe2+ 52. Kc3 Kh7 53. Rd7 Qe1+ 0-1

[Event "Early-Titled-Tuesday-Blitz-September-12-2023"]
[Site "Chess.com"]
[Date "2023.09.12"]
[Round "9"]
[White "GeorgiosSouleidis"]
[Black "Dewarfd"]
[Result "0-1"]
[WhiteElo "2514"]
[BlackElo "2188"]
[TimeControl "180+1"]
[EndTime "9:46:19 PDT"]
[Termination "Dewarfd won on time"]

1. e4 e5 2. Nc3 Nf6 3. d4 exd4 4. Qxd4 Nc6 5. Qd3 Bb4 6. Bd2 d6 7. O-O-O Be6 8. Kb1 O-O 9. Qg3 Ne5 10. f3 Ng6 11. h4 Nh5 12. Qh2 d5 13. g4 Bd6 14. Qf2 Bg3 15. Qg2 Nxh4 16. Rxh4 Qxh4 17. gxh5 dxe4 18. Nxe4 Be5 19. h6 g6 20. Bg5 Qh2 21. Qxh2 Bxh2 22.
Ne2 Be5 23. Bf6 Bxf6 24. Nxf6+ Kh8 25. Nc3 Rfd8 26. Bd3 c5 27. b3 a6 28. Nce4 Rac8 29. Ng5 c4 30. Nxe6 cxd3 31. cxd3 fxe6 32. Kb2 Rf8 33.
Ne4 Kg8 34. Ng5 Rf5 35. Nxe6 Rxf3 36. Rd2 Re3 37. Nf4 Kf7 38. Nd5 Re1 39. Rf2+ Ke6 40. Nb6 Rd8 41. Kc3 Rc1+ 42. Kd2 Rc6 43. Nc4 b5 44. Re2+ Kf6 45. Ne3 Rcd6 46. Rf2+ Kg5 47. Ke2 Kxh6 48. Rh2+ Kg7 49. Kf3 Rxd3 50. Rc2 Re8 51.
Re2 Rexe3+ 52. Rxe3 Rxe3+ 53. Kxe3 g5 54. b4 Kf6 0-1

[Event "Early-Titled-Tuesday-Blitz-September-12-2023"]
[Site "Chess.com"]
[Date "2023.09.12"]
[Round "9"]
[White "MateusViageiro"]
[Black "carloseduar100"]
[Result "0-1"]
[WhiteElo "2129"]
[BlackElo "2296"]
[TimeControl "180+1"]
[EndTime "9:46:21 PDT"]
[Termination "carloseduar100 won on time"]

1. e4 e6 2. Qe2 b6 3. d3 Bb7 4. Nc3 Nf6 5. Bg5 Be7 6. O-O-O Nxe4 7. Nxe4 Bxg5+ 8. Nxg5 Qxg5+ 9. f4 Qxf4+ 10. Kb1 Nc6 11. Nf3 Nd4 12. Nxd4 Qxd4 13. c3 Qf6 14. Qe3 O-O-O 15. Be2 Qg6 16. g3 Bxh1 17. Rxh1 d5 18. Rf1 Rhe8 19. a4 a5 20. Ka1 Qh6 21. Qd4 e5 22.
Bg4+ Kb7 23. Qf2 f6 24. c4 e4 25. cxd5 exd3 26. Be6 d2 27. Qf3 Ka7 28. Qc3 Re7 29.
Rd1 Kb8 30. h4 Rd6 31. Ka2 g5 32. hxg5 Qxg5 33. Qb3 Qe5 34. g4 Qe2 35. Qc2 Rexe6 36. dxe6 Qxe6+ 37. b3 Qxg4 38. Rxd2 Qd7 39. Rg2 f5 40. Rg8+ Kb7 41. Rg2 Qc6 42. Qe2 f4 43.
Rf2 Rf6 44. Qb2 h6 45. Qd2 Qd6 46. Qe2 f3 47. Rxf3 Rxf3 48. Qxf3+ Qc6 49. Qe3 Qg2+ 50. Ka3 h5 51. Qh6 Qg4 52. Qh7 h4 53. Ka2 h3 54.
Ka3 Qg2 0-1

[Event "Early-Titled-Tuesday-Blitz-September-12-2023"]
[Site "Chess.com"]
[Date "2023.09.12"]
[Round "9"]
[White "Boxerandchessplayer"]
[Black "Nekoo04"]
[Result "1-0"]
[WhiteElo "2128"]
[BlackElo "2270"]
[TimeControl "180+1"]
[EndTime "9:46:21 PDT"]
[Termination "Boxerandchessplayer won by resignation"]

1. d4 d5 2. Nf3 Nf6 3. c4 e6 4.
g3 Bb4+ 5. Bd2 Be7 6. Bg2 O-O 7. O-O Nbd7 8. Qc2 c6 9. Bf4 b6 10. Nbd2 Bb7 11. e4 dxe4 12. Nxe4 Nxe4 13. Qxe4 Nf6 14. Qe2 c5 15. Rfd1 cxd4 16. Nxd4 Bxg2 17. Kxg2 Qc8 18.
Rac1 Bc5 19. Nb5 Rd8 20. Qf3 a6 21. Nd6 Bxd6 22. Bxd6 Ra7 23. Be5 Rad7 24. Bxf6 Rxd1 25. Rxd1 Rxd1 26. Qxd1 gxf6 27. b3 Qc6+ 28. Qf3 Qxf3+ 29. Kxf3 Kf8 30. Ke4 Ke7 31. b4 f5+ 32. Ke5 f6+ 33. Kd4 Kd6 34. h3 e5+ 35. Kd3 a5 36. a3 Kc6 37. g4 fxg4 38. hxg4 Kd6 39. Ke4 Ke6 40. f3 h6 41. c5 axb4 42. axb4 bxc5 43. bxc5 Kd7 44. Kf5 Kc6 45. Kxf6 Kxc5 46. Kxe5 Kc6 47. Kf5 Kd6 48. Kg6 Ke5 49. Kxh6 Kf4 50. g5 Kxf3 51.
g6 1-0

[Event "Early-Titled-Tuesday-Blitz-September-12-2023"]
[Site "Chess.com"]
[Date "2023.09.12"]
[Round "9"]
[White "kingofthenil"]
[Black "Anton_Demchenko"]
[Result "1-0"]
[WhiteElo "2778"]
[BlackElo "2933"]
[TimeControl "180+1"]
[EndTime "9:46:22 PDT"]
[Termination "kingofthenil won by resignation"]

1. e4 e5 2. Nf3 Nc6 3. Bb5 a6 4.
Bxc6 dxc6 5. O-O Qf6 6. d4 exd4 7. Bg5 Qd6 8. Nxd4 Be7 9. Be3 Bd7 10. Nd2 Qg6 11. Qf3 Nf6 12. h3 O-O-O 13. Nf5 Bxf5 14.
exf5 Qh5 15. Qxh5 Nxh5 16. Nf3 Nf6 17. Rfe1 Nd5 18. Bd4 Bf6 19. Bxf6 gxf6 20. Re4 Rde8 21. Rae1 Rxe4 22. Rxe4 Kd7 23. c4 Ne7 24. g4 h5 25.
Kg2 hxg4 26. hxg4 c5 27. Ne1 b6 28. Nd3 Nc8 29. b3 Nd6 30. Re1 Kc6 31. Nf4 b5 32. Nd5 bxc4 33. bxc4 Rh6 34. Ne7+ Kd7 35. Ng8 Rh8 36.
Nxf6+ Kc6 37. Re7 a5 38. Kg3 a4 39. Kf4 a3 40. g5 Rh4+ 41. Ng4 Rh5 42. Ne3 Rh2 43. Kg3 Rh1 44. Kg2 Rh5 45. f4 Rh4 46. g6 fxg6 47. fxg6 Rh8 48. f5 Rg8 49. g7 Ne8 50.
Rxe8 Rxe8 51. f6 Rxe3 52. g8=Q Re2+ 53. Kf3 Rxa2 54. Qa8+ Kd6 55. Qa6+ c6 56. f7 Ke7 57.
Qb7+ Kf8 58. Qd7 1-0

[Event "Early-Titled-Tuesday-Blitz-September-12-2023"]
[Site "Chess.com"]
[Date "2023.09.12"]
[Round "9"]
[White "DvaHrasta"]
[Black "BlitzWizard04"]
[Result "0-1"]
[WhiteElo "2482"]
[BlackElo "2617"]
[TimeControl "180+1"]
[EndTime "9:46:24 PDT"]
[Termination "BlitzWizard04 won on time"]

1. c4 e6 2. g3 d5 3. Bg2 Nf6 4.
Nf3 Be7 5. O-O O-O 6. d4 dxc4 7.
Ne5 Nc6 8. Bxc6 bxc6 9. Nxc6 Qe8 10. Nxe7+ Qxe7 11. Na3 e5 12. dxe5 Qxe5 13. Nxc4 Qe4 14. Qd3 Qc6 15. Bf4 Bb7 16. f3 Rad8 17. Qc2 Rfe8 18.
Rac1 Nd5 19. e4 Nxf4 20. gxf4 Qh6 21. f5 Rd4 22. Qf2 c5 23. Ne3 Qg5+ 24. Kh1 Red8 25. Rg1 Qf4 26. f6 Bxe4 27. Rxg7+ Kh8 28. Rf1 Qxf6 29. Rg4 Bg6 30. Rxd4 cxd4 31. Ng4 Qf4 32. Qg3 Qxg3 33. hxg3 Rc8 34. Rd1 Rc2 35. Rxd4 Rxb2 36. Ra4 Rb7 37. Kg2 Bf5 38. Ne3 Be6 39. g4 Rb2+ 40. Kg3 Rxa2 41. Rb4 a5 42. Rb8+ Kg7 43. f4 Ra3 44. Kf2 a4 45. f5 Ra2+ 46. Kg3 Bb3 47. g5 Re2 48. Kf4 Rf2+ 49. Kg4 f6 50. Rb7+ Bf7 51. gxf6+ Kxf6 52. Ra7 Re2 53. Ra6+ Kg7 54. Kf4 Rf2+ 55. Kg3 Ra2 56. Ng4 a3 57. Ra7 Kf8 58. Ne5 Be8 59. f6 Re2 0-1

[Event "Early-Titled-Tuesday-Blitz-September-12-2023"]
[Site "Chess.com"]
[Date "2023.09.12"]
[Round "9"]
[White "karinachess1"]
[Black "Gareth-Bale11"]
[Result "1/2-1/2"]
[WhiteElo "2615"]
[BlackElo "2773"]
[TimeControl "180+1"]
[EndTime "9:46:25 PDT"]
[Termination "Game drawn by repetition"]

1. d4 Nf6 2. c4 e6 3. Nc3 d5 4. cxd5 exd5 5. Bg5 Bb4 6. Qb3 a5 7. a3 Bxc3+ 8. bxc3 a4 9. Qc2 h6 10. Bxf6 Qxf6 11.
e3 O-O 12. Bd3 c5 13. dxc5 Nd7 14. Nf3 Nxc5 15. Nd4 b6 16. Bb5 Nb3 17. Nxb3 Bf5 18. Qb2 axb3 19. Qxb3 Rfc8 20. O-O Be4 21. c4 Qg6 22. f3 Bd3 23. Rfc1 Rc5 24. Rc3 Be2 25. Kf2 dxc4 26. Bxc4 Bxc4 27. Rxc4 Qe6 28. Rb4 Qxb3 29. Rxb3 Rc2+ 30. Kg3 Ra5 31. h4 b5 32. Rab1 g6 33. e4 h5 34. Rxb5 Rxa3 35. R1b2 Rc7 36. Rb8+ Kg7 37. R8b7 Rxb7 38. Rxb7 Ra2 39. Kh3 Kf6 40. Kg3 Rc2 41. Rb6+ Kg7 42. Kh3 Kf8 43. g3 Ke7 44. e5 Rf2 45. f4 Re2 46. Rb7+ Kf8 47.
Ra7 Kg8 48. Ra1 Kg7 49. Rg1 Kf8 50. Rg2 Re3 51. Kh2 Ke7 52. Kg1 f6 53. exf6+ Kxf6 54. Kf2 Rb3 55. Rg1 Kf5 56. Re1 Rb2+ 57. Re2 Rb5 58.
Kf3 Rb3+ 59. Re3 Rb5 60. Rd3 Rc5 61. Re3 Rb5 62. Ra3 Rc5 63. Re3 Rb5 1/2-1/2

[Event "Early-Titled-Tuesday-Blitz-September-12-2023"]
[Site "Chess.com"]
[Date "2023.09.12"]
[Round "9"]
[White "hansen"]
[Black "Hikaru"]
[Result "0-1"]
[WhiteElo "2903"]
[BlackElo "3238"]
[TimeControl "180+1"]
[EndTime "9:46:26 PDT"]
[Termination "Hikaru won on time"]

1. e4 a6 2. d4 c6 3. Nc3 d5 4. h3 dxe4 5. Nxe4 Bf5 6. Bd3 Qxd4 7. Nf3 Qd5 8. Qe2 Bg6 9. Bf4 e6 10. O-O Nf6 11. c4 Qd8 12. Rad1 Bxe4 13. Bxe4 Nbd7 14.
Ne5 Qc8 15. Bb1 Be7 16. Qd3 Nf8 17. Qf3 Ng6 18. Bh2 O-O 19. g4 Rd8 20. Nxf7 Kxf7 21. g5 Rxd1 22. Rxd1 Kg8 23. gxf6 Bxf6 24. b3 Qe8 25. Re1 Qf7 26. Bg3 Rf8 27. Qg4 Re8 28. Kg2 Bd8 29. Bxg6 hxg6 30. Be5 Qf5 31. Bg3 Bf6 32. Rd1 Rd8 33. Rxd8+ Bxd8 34. Qd1 Bf6 35. Qd7 Qe4+ 36. Kh2 Bh4 37. Qxb7 Bxg3+ 38. Kxg3 Qe5+ 39. Kg2 Qe4+ 40. Kg3 Qe5+ 41. Kg2 Qg5+ 42. Kf1 Qc1+ 43. Kg2 Qg5+ 44. Kf1 Qf5 45. Qb8+ Kh7 46. Kg2 Qe4+ 47. Kg1 Qb1+ 48. Kg2 Qxa2 49. Qg3 Qe2 50. Qh4+ Qh5 51.
Qg3 Qf5 52. Qg4 Kg8 53. Kg3 a5 54. Qd4 Qg5+ 55. Kf3 Kh7 56. h4 Qf5+ 57. Kg3 e5 58. Qe3 e4 59. Qg5 Qf3+ 60. Kh2 Qxf2+ 61. Kh3 Qf5+ 62. Kg3 Qf3+ 63. Kh2 e3 64. Qg3 Qe4 65. Kg1 e2 66. Qe1 Qf3 0-1

[Event "Early-Titled-Tuesday-Blitz-September-12-2023"]
[Site "Chess.com"]
[Date "2023.09.12"]
[Round "9"]
[White "Arteler"]
[Black "El_Matador12"]
[Result "1-0"]
[WhiteElo "2452"]
[BlackElo "2584"]
[TimeControl "180+1"]
[EndTime "9:46:28 PDT"]
[Termination "Arteler won by resignation"]

1. e4 c6 2. Nc3 d5 3. Qf3 e6 4.
d4 Nf6 5. e5 Nfd7 6. Qg3 c5 7.
Nf3 Nc6 8. Bd3 cxd4 9. Ne2 Nc5 10. O-O Bd7 11. Nexd4 Qb6 12. Nb3 Nxd3 13. cxd3 Nb4 14. Be3 Qb5 15. Rfd1 Rc8 16. Nfd4 Qa6 17. Bf4 h6 18. h4 g6 19. a3 Nc2 20. Rac1 Nxd4 21. Rxc8+ Bxc8 22. Nxd4 Bg7 23. Rc1 Bd7 24. Qe3 Qb6 25. b4 O-O 26. Nb3 Qxe3 27. fxe3 Rc8 28. Rxc8+ Bxc8 29. Kf2 b6 30. b5 Bd7 31. a4 g5 32. hxg5 hxg5 33. Bg3 Bf8 34. Kf3 Kg7 35. Nd4 Kg6 36. Nc6 a5 37. Nb8 Be8 38. Bf2 Bc5 39. Na6 Be7 40. e4 dxe4+ 41. dxe4 Bd8 42.
Bd4 Bd7 43. Nb8 Be8 44. Nc6 Bxc6 45. bxc6 Bc7 46. Ke3 Kh5 47. Kd3 Kg4 48. Kc4 Kf4 49. Kb5 Kxe4 50. Bxb6 Bxe5 51. Bxa5 f5 52. c7 Bxc7 53.
Bxc7 f4 54. a5 g4 55. a6 e5 56. a7 Ke3 57. Bxe5 f3 58. gxf3 gxf3 59. Bg3 1-0

[Event "Early-Titled-Tuesday-Blitz-September-12-2023"]
[Site "Chess.com"]
[Date "2023.09.12"]
[Round "9"]
[White "sergoy"]
[Black "AradNazari"]
[Result "1-0"]
[WhiteElo "2931"]
[BlackElo "2737"]
[TimeControl "180+1"]
[EndTime "9:46:29 PDT"]
[Termination "sergoy won by resignation"]

1. d4 Nf6 2. c4 g6 3. Nf3 Bg7 4. g3 O-O 5. Bg2 c6 6. O-O d5 7. Nc3 dxc4 8. e4 Nfd7 9. Qe2 e5 10. Bg5 Qb6 11. d5 Re8 12. Rab1 Qa6 13. Rfc1 Nb6 14. Nd2 cxd5 15. Nxd5 Nxd5 16. exd5 Bf5 17. Be4 Bxe4 18.
Qxe4 b5 19. b3 h6 20. Be3 cxb3 21. axb3 Qb7 22. b4 f5 23. Qd3 Nd7 24. Nb3 f4 25. Na5 Qb8 26. Nc6 Qd6 27. Bc5 Qf6 28. d6 e4 29.
Qd5+ Kh7 30. Ne7 e3 31. fxe3 fxg3 32. hxg3 Rad8 33. Rf1 Qe5 34. Qxe5 Nxe5 35. Kg2 Rd7 36. Rbd1 Bf8 37. Nd5 Bg7 38. Nc7 Rc8 39. Nxb5 Nc6 40. Nd4 Nxd4 41. exd4 Bf8 42. Rf6 Kg7 43. Re6 Rcd8 44.
Ra1 Bxd6 45. Bxd6 Rxd6 46. Rxa7+ Kg8 47. Ree7 Rxd4 48. b5 g5 49. Rg7+ Kf8 50. Rh7 Kg8 51. Kh3 Rb8 52. Rhg7+ Kf8 53. Rgb7 Rxb7 54. Rxb7 Rb4 55.
b6 Kg8 56. g4 Rb3+ 57. Kg2 Kh8 58. Kf2 Kg8 59. Ke2 Rb4 60. Kd2 Rxg4 61. Rc7 Rb4 62. b7 h5 63. Rc8+ Kg7 64. b8=Q Rxb8 65. Rxb8 h4 66. Ke3 Kg6 67. Kf3 1-0

[Event "Early-Titled-Tuesday-Blitz-September-12-2023"]
[Site "Chess.com"]
[Date "2023.09.12"]
[Round "9"]
[White "GaalZsoka"]
[Black "Mesa_1"]
[Result "0-1"]
[WhiteElo "2478"]
[BlackElo "2607"]
[TimeControl "180+1"]
[EndTime "9:46:30 PDT"]
[Termination "Mesa_1 won by resignation"]

1. Nf3 g6 2. g3 Bg7 3. Bg2 e5 4. O-O d5 5. c4 dxc4 6. Na3 Nc6 7.
Nxc4 Nge7 8. d3 O-O 9. Bd2 Be6 10. Bc3 f6 11. a4 Qd7 12. a5 Rad8 13. a6 b6 14. Nfd2 Bd5 15. Ne3 Bxg2 16. Kxg2 Kh8 17. h4 Nd4 18. h5 gxh5 19. Rh1 Bh6 20. Rxh5 Bxe3 21. fxe3 Ndf5 22. Nc4 Nd5 23. Qh1 Ndxe3+ 24. Nxe3 Nxe3+ 25. Kf3 Nd5 26. Qh4 Rg8 27. Rh1 Rg7 28. Qe4 Kg8 29. Kf2 Nxc3 30. bxc3 Qf7 31. Qf5 c5 32. Rh6 Rf8 33. c4 Qe7 34. Ke1 Rff7 35. Kd2 Rf8 36. R1h4 Rff7 37. Rg4 Rxg4 38. Qxg4+ Rg7 39. Qf5 Rf7 40. Qc8+ Kg7 41. Rh4 Qd7 42. Qa8 f5 43. Qf3 Rf6 44. Qh5 h6 45. g4 e4 46. g5 Rg6 47. gxh6+ Kh7 48. Qxg6+ Kxg6 49. h7 e3+ 50. Kc2 Qxh7 51. Rxh7 Kxh7 52. d4 cxd4 53. Kd3 Kg6 54. Kxd4 f4 55. Ke4 Kg5 56. Ke5 Kg4 57.
Kd6 f3 58. exf3+ Kxf3 59. Kc7 e2 60. Kb7 e1=Q 61. Kxa7 Qb4 62. Kb7 Qxc4 63. Kxb6 Qd5 64. Ka7 Qc6 65. Kb8 Qxa6 0-1

[Event "Early-Titled-Tuesday-Blitz-September-12-2023"]
[Site "Chess.com"]
[Date "2023.09.12"]
[Round "9"]
[White "ShahMatKanal"]
[Black "KorolDimitriy75"]
[Result "1-0"]
[WhiteElo "2504"]
[BlackElo "2376"]
[TimeControl "180+1"]
[EndTime "9:46:31 PDT"]
[Termination "ShahMatKanal won on time"]

1. e4 c5 2. d4 cxd4 3. c3 d5 4.
exd5 Qxd5 5. Nf3 Nc6 6. cxd4 e5 7. Nc3 Bb4 8. Bd2 Bxc3 9. Bxc3 e4 10. Ne5 Nxe5 11.
dxe5 Ne7 12. Qa4+ Bd7 13. Qc4 Rc8 14. Qd4 O-O 15. Be2 Qxd4 16. Bxd4 Nc6 17. Bc3 Rfe8 18. Rd1 Bf5 19. Bb5 a6 20. Bxc6 Rxc6 21. Ke2 Bg4+ 22. f3 exf3+ 23. gxf3 Bf5 24. Ke3 h5 25. f4 g6 26. h4 Rec8 27. Rd4 Be6 28. a4 Rc4 29. Rhd1 Rxd4 30. Rxd4 Kh7 31. Rb4 Rc7 32. Rb6 Rd7 33. Bd4 Kg8 34. Bc5 Kh7 35. Bd6 Bf5 36. b3 Be6 37. Kd4 Bg4 38. Kc5 Kg7 39. Rb4 Be6 40. Kb6 Bd5 41. Ka7 f6 42. Kb8 fxe5 43. fxe5 Kf7 44.
Rf4+ Kg7 45. Kc8 Rf7 46. Rd4 Bxb3 47. a5 Be6+ 48. Kb8 Rd7 49. Rf4 Bf5 50. Rb4 Kf7 51.
Rb6 Be4 52. Kc8 Bf5 53. Kb8 Ke6 54. Bc7+ Kd5 55. Kxb7 Be4 56. Kc8 Re7 57. Bd6 Re6 58. Rxa6 g5 59. hxg5 h4 60. Rb6 h3 61. Rb5+ Kd4 62.
Rb2 Bg2 63. Kd7 Rg6 64. e6 Rxg5 65. e7 Rg7 66. Ke6 1-0